 Dungeon Crawl Stone Soup version 0.18.1-47-g9310371 (webtiles) character file.

99 Galewin the Insei (level 4, -2/24 HPs)
             Began as a Vine Stalker Monk on June 18, 2016.
             Slain by a gnoll
             ... wielding a +0 flail
              (10 damage)
             ... on level 6 of the Dungeon.
             The game lasted 00:07:54 (1499 turns).

Galewin the Insei (Vine Stalker Monk)               Turns: 1499, Time: 00:07:54

Health: -2/24      AC:  3    Str: 13    XL:     4   Next: 72%
Magic:  0/5        EV: 13    Int: 11    God:
Gold:   133        SH:  0    Dex: 17    Spells: 0 memorised, 3 levels left

rFire  . . .     SeeInvis .       - Unarmed
rCold  . . .     Gourm    .     a - +0 robe
rNeg   . . .     Faith    .     (no shield)
rPois  .         Spirit   +     (no helmet)
rElec  .         Dismiss  .     d - +0 cloak
rCorr  .         Reflect  .     (no gloves)
SustAt .         Harm     .     (no boots)
MR     .....                    (no amulet)
Stlth  +++.......               (no ring)
                                (no ring)

@: not resistant to hostile enchantments, fairly stealthy
A: fangs 2, regeneration 1, magic shield, antimagic bite, no device heal 3, rot
immunity
a: no special abilities


You were on level 6 of the Dungeon.
You were not hungry.

You visited 1 branch of the dungeon, and saw 4 of its levels.

You collected 133 gold pieces.

Inventory:

Armour
 a - a +0 robe (worn)
 d - a +0 cloak (worn)
Wands
 q - a wand of flame (18/48)
Scrolls
 e - 3 scrolls of remove curse
 g - a scroll of random uselessness {unknown}
 h - a scroll of noise {unknown}
 i - a scroll of amnesia {unknown}
 l - a scroll of fog {unknown}
 m - 2 scrolls of magic mapping {unknown}
 n - a scroll of enchant weapon {unknown}
 o - 2 scrolls of teleportation {unknown}
 p - 2 scrolls of enchant armour {unknown}
 s - 2 scrolls of identify {unknown}
Potions
 c - a potion of invisibility {unknown}
 f - 3 potions of degeneration {unknown}
 j - 2 potions of curing {unknown}
 k - a potion of ambrosia {unknown}
 r - a potion of lignification {unknown}
 t - a potion of haste {unknown}
 u - a potion of brilliance {unknown}
Books
 v - a book of Geomancy

   Spells                             Type                      Level
   a - Sandblast                      Earth                        1
   b - Passwall                       Transmutation/Earth          2
   c - Stone Arrow                    Conjuration/Earth            3
   d - Petrify                        Transmutation/Earth          4
   e - Lee's Rapid Deconstruction     Earth                        5
Comestibles
 b - 2 bread rations


   Skills:
 + Level 3.1 Fighting
 + Level 2.9 Dodging
 * Level 4.0 Stealth
 * Level 4.5 Unarmed Combat


You had 3 spell levels left.
You didn't know any spells.

Dungeon Overview and Level Annotations

Branches:
Dungeon (3/15)

Altars:


Innate Abilities, Weirdness & Mutations

You have extremely sharp teeth.
Your natural rate of healing is unusually fast.
When hurt, damage is shared between your health and your magic reserves.
Your bite disrupts and absorbs the magic of your enemies.
Potions and wands cannot restore your health.
You are immune to rotting.


Message History

The gnoll shaman calls upon its god to speed up the gnoll.
The gnoll seems to speed up.
Found a ring mail.
The gnoll shaman calls upon its god to speed up the gnoll.
The gnoll seems to speed up.
The gnoll barely misses you.
You see here a ring mail.
You open the door. The gnoll closely misses you. x2
Found 16 gold pieces.
Found a dagger.
There is an open door here.
The gnoll closely misses you.
The gnoll hits you from afar with a spear!
The gnoll hits you with a flail.
The gnoll hits you from afar with a spear.
Read which item? (? for menu, Esc to quit)
As you read the scroll labeled LUXKAN GOELYIC, it crumbles to dust.
You feel blessed for a moment.
It was a scroll of remove curse.
The gnoll closely misses you. The gnoll completely misses you.
The gnoll hits you with a flail!
You die...

#.# #.# ##+## #.#
##$..## #.# ##)....##
#.## ##.......##
#..##
#.....g..g####...####
+...@g...g'[........g
#.........###....####
##.......###.....#
##.....## ##....#
##...## ##.#.# ##+##
###.# #.# #.#


You could see a gnoll shaman and 3 gnolls.

Vanquished Creatures
  2 adders (D:2)
  A shadow imp (D:3)
  2 oozes (D:3)
  2 worms
  A dart slug (D:2)
  3 giant geckos
  An orc (D:3)
  5 bats
  2 giant cockroaches
  5 goblins
  7 hobgoblins
  9 kobolds
  5 giant newts
  11 rats
56 creatures vanquished.

Notes
Turn   | Place    | Note
--------------------------------------------------------------
     0 | D:1      | Galewin the Vine Stalker Monk began the quest for the Orb.
     0 | D:1      | Reached XP level 1. HP: 11/11 MP: 2/2
    80 | D:1      | Reached XP level 2. HP: 16/16 MP: 3/3
   724 | D:2      | Reached XP level 3. HP: 18/19 MP: 4/4
   865 | D:2      | Reached XP level 4. HP: 22/24 MP: 5/5
  1370 | D:3      | You fall through a shaft for 3 floors!
  1499 | D:6      | Slain by a gnoll

Skill      XL: |  1  2  3  4 |
---------------+-------------+-----
Stealth        | 3 4 |  4.0
Fighting       | 3 |  3.1
Dodging        | |  2.9
Unarmed Combat | |  4.5

Action                   |  1- 3 |  4- 6 || total
-------------------------+-------+-------++-------
Melee: Unarmed           |    89 |    58 ||   147
       Bite              |    17 |    16 ||    33
       Punch             |     3 |     3 ||     6
  Use: Scroll            |       |     1 ||     1
 Stab: Sleeping          |     9 |     4 ||    13
       Distracted        |       |     1 ||     1
  Eat: Chunk             |       |     2 ||     2
Armor: Robe              |    15 |     9 ||    24
Dodge: Dodged            |    44 |    37 ||    81
